 Dungeon Crawl Stone Soup version 0.16-a0-282-ga87e286 (webtiles) character file.

71 Johnny the Gusty (level 3, 0/27 HPs)
             Began as a Demigod Air Elementalist on Aug 27, 2014.
             Succumbed to an adder's poison
             ... on Level 4 of the Dungeon.
             The game lasted 00:08:00 (2902 turns).

Johnny the Gusty (Demigod Air Elementalist)         Turns: 2902, Time: 00:08:01

HP   0/27        AC  2     Str 11      XL: 3   Next: 79%
MP   0/8         EV 11     Int 21      God:
Gold 116         SH  0     Dex 16      Spells:  3 memorised,  0 levels left

rFire  . . .     SeeInvis .     k - -2 dagger (curse)
rCold  . . .     Clarity  .     c - +0 leather armour
rNeg   . . .     rCorr    .     (no shield)
rPois  .         rRot     .     j - +1 helmet
rElec  .         Spirit   .     (no cloak)
SustAb .         Warding  .     (no gloves)
rMut   .         Stasis   .     (no boots)
Gourm  .                        (no amulet)
MR     .....                    (no ring)
                                l - cursed -3 ring of protection

@: lethally poisoned, very slightly contaminated, invisible, not resistant to
hostile enchantments, unstealthy
A: no striking features
a: no special abilities


You were on level 4 of the Dungeon.
You were not hungry.

You visited 1 branch of the dungeon, and saw 4 of its levels.

You collected 116 gold pieces.

Inventory:

Hand weapons
 e - a +0 dagger
 k - a cursed -2 dagger (weapon)
 s - a +0 blowgun
Missiles
 t - 21 poisoned needles
Armour
 c - a +0 leather armour (worn)
 j - a +1 helmet (worn)
Comestibles
 d - a beef jerky
 o - a bread ration
Scrolls
 g - 2 scrolls of magic mapping
 p - a scroll of fog
 q - a scroll of teleportation
Jewellery
 l - a cursed -3 ring of protection (left hand)
Potions
 f - a potion of restore abilities
 h - a potion of might {unknown}
 i - a potion of resistance {unknown}
 m - a potion of curing {unknown}
 n - a potion of haste {unknown}
 r - a potion of lignification {unknown}
Books
 b - a book of Air

   Spells                             Type                      Level
   *Shock                             Conjuration/Air              1
   *Swiftness                         Charms/Air                   2
   Repel Missiles                     Charms/Air                   2
   Flight                             Charms/Air                   3
   *Static Discharge                  Conjuration/Air              3
   Lightning Bolt                     Conjuration/Air              5


   Skills:
 + Level 0.3 Fighting
 + Level 0.1 Armour
 + Level 2.1 Dodging
 + Level 1.9 Stealth
 + Level 2.0 Spellcasting
 + Level 2.0 Conjurations
 + Level 3.4 Air Magic


You couldn't memorise any spells.
You knew the following spells:

 Your Spells              Type           Power        Failure   Level  Hunger
a - Shock                 Conj/Air       ##..         6%          1    #......
b - Static Discharge      Conj/Air       ##......     17%         3    ###....
c - Swiftness             Chrm/Air       #.......     12%         2    ##.....


Dungeon Overview and Level Annotations

Branches:
Dungeon (4/15)             Temple (0/1) D:4

Annotations:
D:3 Terence


Message History

Your Conjurations skill increases to level 2!
You feel sick.
You feel sick.
You see here an adder corpse.
The puff of flame hits you!
* * * LOW HITPOINT WARNING * * *
Drink which item? (? for menu, Esc to quit)
You fade into invisibility!
It was a potion of invisibility.
* * * LOW HITPOINT WARNING * * *
You feel sick.
An orc wizard appears from thin air!
Reactivating autopickup.
The orc wizard casts a spell at you. The puff of flame misses you.
You are very lightly contaminated with residual magic.
Drink which item? (? for menu, Esc to quit)
Okay, then.
Read which item? (? for menu, Esc to quit)
Okay, then.
You die...

#..#.# #..# #..>.
#..#.######..#
#.P.P
#............#
#....
###..#######.#
#.#.. #..# #.#
#...# #..# #.#
#.### ##..# #.#
#.# #...# #.@##
#..# #..# #).# #
#.%# #.# #..#
######.# # #o.#
#.. ....... #..#
#.##.#.#.#
#..####.#.%.#.###


You could see an orc wizard.

Vanquished Creatures
  2 adders
  A worm (D:2)
  A giant gecko (D:4)
  2 oozes (D:1)
  2 orcs (D:4)
  11 goblins
  4 hobgoblins
  4 kobolds
  A ball python (D:1)
  6 bats
  A giant cockroach (D:1)
  A quokka (D:2)
  4 rats
40 creatures vanquished.

Notes
Turn   | Place    | Note
--------------------------------------------------------------
     0 | D:1      | Johnny, the Demigod Air Elementalist, began the quest for the Orb.
     0 | D:1      | Reached XP level 1. HP: 14/14 MP: 3/3
   380 | D:1      | Reached skill level 1 in Conjurations
   392 | D:1      | Reached skill level 3 in Air Magic
   701 | D:1      | Reached XP level 2. HP: 17/20 MP: 0/4
  1817 | D:2      | Reached XP level 3. HP: 24/26 MP: 0/8
  1918 | D:2      | Learned a level 3 spell: Static Discharge
  1921 | D:2      | Learned a level 2 spell: Swiftness
  2280 | D:3      | Noticed Terence
  2437 | D:4      | Found a staircase to the Ecumenical Temple.
  2898 | D:4      | HP: 1/27 [something/puff of flame (10)]
  2902 | D:4      | Succumbed to an adder's poison

Action                   || total
-------------------------++-------
Melee: Dagger            ||    37
       Unarmed           ||     1
 Cast: Shock             ||    92
       Static Discharge  ||     2
  Use: Scroll            ||     7
       Potion            ||     1
  Eat: Bread ration      ||     1
       Meat ration       ||     1
